AoeStats
← Bandolero

Black Forest

509895197Analyzed
4v4 RM · 2d ago on Sep 28, 2026· 51m 32s· 8 players
Game mode
Random Map
Map size
Large (8 player)
Population
200
Speed
Normal
Resources
Standard
Victory
Conquest
Starting age
Dark Age
Ending age
Imperial Age
RankedLock teamsTeams togetherTeam positionsShared explorationLock speedFull tech treeHidden civsTurbo modeCheats
Victory
Defeat
🇦🇷 Teutons · Argentina
1862
+6
🇦🇷 Mongols · Argentina
1753
+10
🇦🇷 Franks · Argentina
1653
+13
🇦🇷 Italians · Argentina
1568
+16
🇹🇼 Danes · Taiwan
1706
-15
🇲🇽 Turks · Mexico
1620
-12
🇹🇼 Portuguese · Taiwan
1578
-10
🇨🇳 Italians · China
1498
-8
タンヤ
0:50 Loom
15:17 Feudal Age
23:49 Castle Age
22:59 Double-Bit Axe
22:58 Horse Collar
43:14 Wheelbarrow
43:58 Gold Mining
47:17 Imperial Age
45:25 Fletching
45:36 Padded Archer Armor
46:15 Pikeman
46:41 Arson
48:21 Scale Mail Armor
48:31 Forging
49:46 Chain Mail Armor
鼠條
10:51 Feudal Age
11:44 Double-Bit Axe
11:40 Horse Collar
14:33 Castle Age
14:17 Wheelbarrow
24:10 Hand Cart
27:07 Heavy Plow
27:53 Bow Saw
27:51 Loom
32:12 Imperial Age
30:10 Town Watch
29:48 Light Cavalry
30:38 Bloodlines
30:29 Husbandry
31:54 Forging
31:44 Scale Mail Armor
31:49 Scale Barding Armor
34:18 Gold Mining
34:12 Onager
34:34 Capped Ram
36:38 Conscription
35:57 Siege Onager
37:45 Gold Shaft Mining
37:01 Stone Mining
37:05 Heavy Scorpion
38:54 Chemistry
38:03 Siege Engineers
39:52 Coinage
39:51 Ballistics
40:31 Chemistry
40:54 Chain Barding Armor
41:09 Iron Casting
41:47 Banking
41:22 Northmen's Fury
50:23 Fletching
D哥
0:44 Loom
38:33 Feudal Age
42:51 Castle Age
42:21 Double-Bit Axe
46:24 Castle Age
47:43 Wheelbarrow
47:42 Gold Mining
51:24 Imperial Age
49:50 Fletching
[KOF] santander
1:42 Loom
10:09 Feudal Age
14:50 Castle Age
16:03 Double-Bit Axe
21:34 Horse Collar
24:31 Bloodlines
24:34 Scale Barding Armor
24:42 Husbandry
26:08 Bow Saw
28:20 Wheelbarrow
28:34 Chain Barding Armor
28:25 Forging
32:20 Hand Cart
31:51 Town Watch
32:45 Gold Mining
33:36 Devotion
37:27 Imperial Age
35:39 Gold Shaft Mining
34:54 Stone Mining
35:38 Heavy Plow
37:28 Cavalier
38:45 Plate Barding Armor
40:29 Fletching
41:15 Iron Casting
44:53 Conscription
45:49 Blast Furnace
46:15 Padded Archer Armor
47:19 Bodkin Arrow
48:01 Bracer
48:17 Leather Archer Armor
48:26 Ballistics
48:32 Elite Janissary
Bandolero
0:31 Loom
11:41 Feudal Age
14:05 Scale Mail Armor
17:56 Castle Age
17:12 Double-Bit Axe
17:35 Fletching
17:45 Padded Archer Armor
17:55 Gold Mining
26:04 Bodkin Arrow
28:54 Husbandry
29:04 Bloodlines
31:30 Leather Archer Armor
33:43 Wheelbarrow
34:42 Stone Mining
36:16 Stone Shaft Mining
36:52 Fortified Wall
39:39 Imperial Age
38:34 Ballistics
39:02 Thumb Ring
39:47 Capped Ram
41:53 Chemistry
40:56 Bracer
42:34 Conscription
42:59 Ring Archer Armor
42:48 Town Watch
42:53 Elite Genoese Crossbowman
49:18 Bow Saw
52:03 Two-Man Saw
La Serpiente Emplumada
8:28 Feudal Age
9:23 Double-Bit Axe
9:35 Horse Collar
10:54 Bloodlines
15:36 Forging
18:40 Wheelbarrow
23:33 Castle Age
25:33 Bow Saw
25:54 Heavy Plow
27:03 Gold Mining
27:22 Loom
27:22 Town Watch
27:31 Stone Mining
29:39 Gold Shaft Mining
29:42 Stone Shaft Mining
32:04 Hand Cart
35:08 Imperial Age
33:01 Ballistics
32:47 Fletching
32:58 Padded Archer Armor
33:11 Husbandry
33:44 Bodkin Arrow
34:14 Town Patrol
34:30 Leather Archer Armor
34:39 Thumb Ring
35:11 Capped Ram
35:14 Elite Mangudai
36:15 Conscription
37:09 Chemistry
36:46 Parthian Tactics
36:36 Siege Ram
38:16 Drill
42:07 Bracer
45:49 Scale Barding Armor
46:20 Iron Casting
45:07 Light Cavalry
46:55 Hussar
47:56 Chain Barding Armor
51:03 Blast Furnace
~BroKen~
6:48 Loom
10:03 Feudal Age
10:38 Double-Bit Axe
25:33 Castle Age
24:10 Wheelbarrow
23:43 Scale Barding Armor
24:11 Forging
25:53 Gold Mining
26:54 Iron Casting
26:40 Chain Barding Armor
26:22 Husbandry
29:14 Bow Saw
36:51 Hand Cart
42:51 Imperial Age
41:14 Town Watch
42:56 Cavalier
44:12 Plate Barding Armor
44:38 Blast Furnace
43:00 Light Cavalry
44:37 Paladin
48:45 Conscription
48:36 Chivalry
Lea
1:20 Loom
13:21 Feudal Age
13:52 Double-Bit Axe
14:57 Town Watch
15:29 Horse Collar
25:13 Castle Age
26:08 Bow Saw
26:54 Wheelbarrow
28:56 Hand Cart
38:34 Sanctity
41:40 Imperial Age
39:38 Redemption
39:24 Pikeman
40:05 Scale Mail Armor
40:16 Forging
41:16 Scale Barding Armor
41:22 Forging
42:13 Bloodlines
42:24 Chain Barding Armor
41:54 Cavalier
43:22 Block Printing
45:27 Plate Barding Armor
45:28 Iron Casting
44:14 Paladin
46:07 Two-Man Saw
45:22 Heavy Plow
46:42 Chemistry
49:13 Blast Furnace
Connection lost

Rejoining the realm…

Still unreachable

The connection could not be restored.

Session expired

The server has moved on; the page needs a fresh start.